Connexion

Palm Springs Eager vs Americans

Created - 9 mars 2024 at 08:08

Goals
1 2 3 T
Palm Springs Eager 2 1 1 4
Americans 2 0 1 3
Shots
1 2 3 T
Palm Springs Eager 9 8 10 27
Americans 9 8 23 40

GoalsPenalties
1st period
1. Americans , Sam Anas 19 (Andrew Peeke 19, Reid Duke 12) at 6:59
2. Palm Springs Eager , Mike Hardman 30 (Nico Sturm 37, Gavin Bayreuther 33) at 16:11
3. Americans , Connor Carrick 12 (Ethan Prow 51, Cameron Hughes 31) at 17:01
4. Palm Springs Eager , Jonathan Toews 32 (Colin Miller 28, Steven Lorentz 45) at 19:43
Robbie Russo (POR) for Tripping (Minor) at 7:20
Gavin Bayreuther (SEA) for Tripping (Minor) at 10:37
2nd period
5. Palm Springs Eager , Steven Lorentz 16 (Jonathan Toews 43, Colin Miller 29) at 17:02
Jonathan Toews (SEA) for Tripping (Minor) at 10:27
Andrew Agozzino (POR) for Slashing (Minor) at 18:25
3rd period
6. Palm Springs Eager , Steven Lorentz 17 (Jonathan Toews 44, Rocco Grimaldi 29) at 10:52
7. Americans , Cameron Hughes 27 (Andrew Agozzino 46) at 17:26 (PP)
Radko Gudas (SEA) for Holding (Minor) at 15:52
Ross Johnston (POR) for Fighting (Major) at 18:46
Colin Miller (SEA) for Fighting (Major) at 18:46
Goalie Stats
Joseph Woll (SEA), 37 saves from 40 shots - (0,925), W, 11-7-4, 60:00 minutes
Alex Starlock (POR), 23 saves from 27 shots - (0,852), L, 30-21-0, 58:50 minutes
3 StarsOfficial
1 - Steven Lorentz (SEA)
2 - Jonathan Toews (SEA)
3 - Mike Hardman (SEA)
Referees : Brad Watson and Mike Leggo
Linesman : Derek Nansen and David Brisebois
Game Note
Ross Johnston beats up Colin Miller at 18:46 of 3rd period
Finance
Level 1 -- Attendance: 1622 (81,10%) -- Ticket Income $60,014
Level 2 -- Attendance: 959 (95,90%) -- Ticket Income $18,221
Total Attendance: 2581 (86,03%)
Total Ticket Income: $78,235
Other Income: $15,647
Total Income: $93,882



Team Name Goals Shots Shots Attemp Shots Blocked PIM HIT PP PK FO%
Palm Springs Eager 427561311200 / 2 (0%)146%
Americans 3407769211 / 3 (33%)054%

Palm Springs Eager
Player Name POS G A P +/- PIM HIT SHT SB MP PP MP PP SHT PK MP PK SHT FO% FOT
Alexander CampbellC/LW000-101006:450:0000:0000% 0
Colin MillerD0223564224:202:4043:2100% 0
Dmitry OvchinnikovLW0000000013:160:0000:0000% 1
Gavin BayreutherD0110201218:471:1811:3000% 0
Jonathan ToewsC1232204022:112:0712:21050% 22
Lias AnderssonC0000004213:160:0000:00056% 16
Mike HardmanC/LW/RW1011051114:321:0000:47044% 16
Nico SturmC/LW0111021116:201:5101:4400% 1
Nikita NesterenkoC/LW/RW000-100006:450:0000:0000% 1
Radko GudasD0000213218:301:1821:4700% 0
Riley DuranC000-100106:450:0000:00050% 6
Rocco GrimaldiC/RW0112011022:012:5801:19044% 9
Ryan GravesD0003011125:182:4003:0500% 0
Saku MaenalanenC/LW/RW0001001016:031:5101:27067% 3
Scott MayfieldD000-1001117:310:0001:2100% 0
Scott ReedyC0000012013:160:0000:0000% 1
Steven LorentzC/LW2132012023:172:0703:26025% 4
Vili SaarijarviD000-1010115:310:0000:0000% 0
Americans
Player Name POS G A P +/- PIM HIT SHT SB MP PP MP PP SHT PK MP PK SHT FO% FOT
Andrew AgozzinoC/LW0110212018:092:4810:48057% 23
Andrew PeekeD0110041219:230:5402:0600% 0
Cameron HughesC/LW1120013018:242:4821:0200% 0
Cole HultsD0000000017:040:0000:2900% 0
Connor CarrickD1010027022:242:3351:5200% 0
Ethan ProwD0110011122:162:4502:0600% 0
Joseph DuszakD000-2002020:402:4711:2300% 0
Kyle OkposoC/RW0000025017:222:4820:0000% 0
Kyle RauC/LW/RW000-102108:430:0000:0000% 0
Matt LoritoLW/RW000-1003018:102:4400:000100% 1
Patrick BrownC/RW000-101108:090:0000:000100% 1
Reid DukeC0110010213:230:0001:02053% 15
Robbie RussoD000-2231018:122:0500:0000% 0
Ross JohnstonLW000-1522120:252:4402:50043% 7
Sam AnasC/RW1010013012:210:0000:0000% 0
Sean MaloneC000-100108:090:0000:00056% 9
Tanner Fritz C/LW/RW000-1004020:242:4412:14050% 24
Turner ElsonC/LW/RW0000003012:210:0000:0000% 0



Play-by-Play

1st period


0:01 of 1st period - Tanner Fritz wins face-off versus Jonathan Toews in neutral zone.
0:03 of 1st period - Ethan Prow is hit by Colin Miller.
0:42 of 1st period - Shot by Rocco Grimaldi.
0:42 of 1st period - Shot Misses the Net.
0:44 of 1st period - Shot by Rocco Grimaldi.
0:44 of 1st period - Shot Misses the Net.
1:30 of 1st period - Shot by Joseph Duszak.
1:30 of 1st period - Stopped by Joseph Woll without a rebound.
1:31 of 1st period - Reid Duke wins face-off versus Lias Andersson in Palm Springs Eager zone.
1:44 of 1st period - Shot by Turner Elson.
1:44 of 1st period - Stopped by Joseph Woll without a rebound.
1:45 of 1st period - Riley Duran wins face-off versus Sean Malone in Palm Springs Eager zone.
1:45 of 1st period - Riley Duran is hit by Patrick Brown.
1:55 of 1st period - Cole Hults is hit by Alexander Campbell.
2:41 of 1st period - Scott Reedy is hit by Reid Duke and loses puck.
2:56 of 1st period - Shot by Sam Anas.
2:56 of 1st period - Stopped by Joseph Woll without a rebound.
2:57 of 1st period - Andrew Agozzino wins face-off versus Jonathan Toews in Palm Springs Eager zone.
3:10 of 1st period - Cameron Hughes is hit by Steven Lorentz and loses puck.
3:42 of 1st period - Icing by Andrew Agozzino.
3:43 of 1st period - Mike Hardman wins face-off versus Andrew Agozzino in Americans zone.
3:46 of 1st period - Shot by Saku Maenalanen.
3:46 of 1st period - Shot Blocked by Ethan Prow.
4:21 of 1st period - Off-side.
4:22 of 1st period - Lias Andersson wins face-off versus Reid Duke in neutral zone.
4:25 of 1st period - Shot by Scott Reedy.
4:25 of 1st period - Shot Misses the Net.
5:02 of 1st period - Off-side.
5:03 of 1st period - Jonathan Toews wins face-off versus Tanner Fritz in neutral zone.
5:12 of 1st period - Shot by Steven Lorentz.
5:12 of 1st period - Deflect By Jonathan Toews.
5:12 of 1st period - Stopped by Alex Starlock with a rebound.
5:20 of 1st period - Shot by Jonathan Toews.
5:20 of 1st period - Shot Misses the Net.
5:22 of 1st period - Shot by Jonathan Toews.
5:22 of 1st period - Shot Misses the Net.
5:30 of 1st period - Shot by Jonathan Toews.
5:30 of 1st period - Shot Misses the Net.
5:32 of 1st period - Shot by Rocco Grimaldi.
5:32 of 1st period - Deflect By Jonathan Toews.
5:32 of 1st period - Stopped by Alex Starlock without a rebound.
5:33 of 1st period - Mike Hardman wins face-off versus Andrew Agozzino in Americans zone.
6:45 of 1st period - Lias Andersson is hit by Ross Johnston and loses puck.
6:53 of 1st period - Off-side.
6:54 of 1st period - Reid Duke wins face-off versus Rocco Grimaldi in neutral zone.
6:57 of 1st period - Shot by Andrew Peeke.
6:57 of 1st period - Shot Blocked by Scott Mayfield.
6:59 of 1st period - Shot by Sam Anas.
6:59 of 1st period - Goal by Sam Anas - Palm Springs Eager : 0 - Americans : 1.
7:00 of 1st period - Jonathan Toews wins face-off versus Sean Malone in neutral zone.
7:02 of 1st period - Off-side.
7:03 of 1st period - Jonathan Toews wins face-off versus Tanner Fritz in neutral zone.
7:12 of 1st period - Steven Lorentz is hit by Robbie Russo and loses puck.
7:20 of 1st period - Minor Penalty to Robbie Russo for Tripping.
7:21 of 1st period - Ross Johnston wins face-off versus Rocco Grimaldi in Americans zone.
8:01 of 1st period - Shot by Colin Miller.
8:01 of 1st period - Stopped by Alex Starlock without a rebound.
8:02 of 1st period - Andrew Agozzino wins face-off versus Jonathan Toews in Americans zone.
9:09 of 1st period - Shot by Nico Sturm.
9:09 of 1st period - Shot Misses the Net.
9:35 of 1st period - Shot by Kyle Rau.
9:35 of 1st period - Deflect By Sean Malone.
9:35 of 1st period - Shot Misses the Net.
10:15 of 1st period - Shot by Kyle Okposo.
10:15 of 1st period - Stopped by Joseph Woll without a rebound.
10:16 of 1st period - Lias Andersson wins face-off versus Reid Duke in Palm Springs Eager zone.
10:20 of 1st period - Scott Reedy is hit by Connor Carrick and loses puck.
10:37 of 1st period - Minor Penalty to Gavin Bayreuther for Tripping.
10:38 of 1st period - Andrew Agozzino wins face-off versus Jonathan Toews in Palm Springs Eager zone.
10:39 of 1st period - Shot by Joseph Duszak.
10:39 of 1st period - Shot Blocked by Colin Miller.
10:41 of 1st period - Shot by Andrew Agozzino.
10:41 of 1st period - Deflect By Cameron Hughes.
10:41 of 1st period - Shot Misses the Net.
11:15 of 1st period - Radko Gudas is hit by Cameron Hughes and loses puck.
11:51 of 1st period - Shot by Ross Johnston.
11:51 of 1st period - Shot Blocked by Radko Gudas.
12:19 of 1st period - Shot by Andrew Agozzino.
12:19 of 1st period - Shot Misses the Net.
12:21 of 1st period - Shot by Joseph Duszak.
12:21 of 1st period - Shot Misses the Net.
12:23 of 1st period - Shot by Andrew Agozzino.
12:23 of 1st period - Stopped by Joseph Woll without a rebound.
12:24 of 1st period - Tanner Fritz wins face-off versus Rocco Grimaldi in Palm Springs Eager zone.
12:31 of 1st period - Shot by Tanner Fritz .
12:31 of 1st period - Shot Blocked by Colin Miller.
12:38 of 1st period - Matt Lorito is hit by Vili Saarijarvi and loses puck.
12:51 of 1st period - Shot by Sam Anas.
12:51 of 1st period - Shot Misses the Net.
13:03 of 1st period - Shot by Cole Hults.
13:03 of 1st period - Shot Misses the Net.
15:21 of 1st period - Ryan Graves is hit by Ross Johnston and loses puck.
15:45 of 1st period - Matt Lorito is hit by Nico Sturm and loses puck.
16:07 of 1st period - Gavin Bayreuther is hit by Sam Anas.
16:09 of 1st period - Shot by Nico Sturm.
16:09 of 1st period - Shot Hit the Post.
16:11 of 1st period - Shot by Mike Hardman.
16:11 of 1st period - Goal by Mike Hardman - Palm Springs Eager : 1 - Americans : 1.
16:12 of 1st period - Sean Malone wins face-off versus Riley Duran in neutral zone.
16:37 of 1st period - Shot by Patrick Brown.
16:37 of 1st period - Stopped by Joseph Woll with a rebound.
17:01 of 1st period - Shot by Connor Carrick.
17:01 of 1st period - Goal by Connor Carrick - Palm Springs Eager : 1 - Americans : 2.
17:02 of 1st period - Andrew Agozzino wins face-off versus Mike Hardman in neutral zone.
17:05 of 1st period - Ryan Graves is hit by Andrew Agozzino.
17:14 of 1st period - Shot by Nico Sturm.
17:14 of 1st period - Stopped by Alex Starlock without a rebound.
17:15 of 1st period - Jonathan Toews wins face-off versus Reid Duke in Americans zone.
17:40 of 1st period - Shot by Sam Anas.
17:40 of 1st period - Shot Misses the Net.
17:56 of 1st period - Shot by Rocco Grimaldi.
17:56 of 1st period - Stopped by Alex Starlock with a rebound.
18:30 of 1st period - Shot by Nico Sturm.
18:30 of 1st period - Shot Misses the Net.
18:32 of 1st period - Shot by Scott Mayfield.
18:32 of 1st period - Stopped by Alex Starlock without a rebound.
18:33 of 1st period - Lias Andersson wins face-off versus Andrew Agozzino in Americans zone.
18:33 of 1st period - Lias Andersson is hit by Andrew Peeke.
18:47 of 1st period - Icing by Scott Reedy.
18:48 of 1st period - Lias Andersson wins face-off versus Sean Malone in Palm Springs Eager zone.
18:53 of 1st period - Kyle Rau is hit by Scott Reedy and loses puck.
18:58 of 1st period - Shot by Lias Andersson.
18:58 of 1st period - Shot Misses the Net.
19:00 of 1st period - Shot by Radko Gudas.
19:00 of 1st period - Stopped by Alex Starlock without a rebound.
19:01 of 1st period - Mike Hardman wins face-off versus Tanner Fritz in Americans zone.
19:05 of 1st period - Icing by Joseph Duszak.
19:06 of 1st period - Jonathan Toews wins face-off versus Tanner Fritz in Americans zone.
19:23 of 1st period - Shot by Matt Lorito.
19:23 of 1st period - Stopped by Joseph Woll with a rebound.
19:43 of 1st period - Shot by Jonathan Toews.
19:43 of 1st period - The goal is going for a video replay.
19:43 of 1st period - The goal is good.
19:43 of 1st period - Goal by Jonathan Toews - Palm Springs Eager : 2 - Americans : 2.
19:44 of 1st period - Andrew Agozzino wins face-off versus Mike Hardman in neutral zone.
19:46 of 1st period - Connor Carrick is hit by Mike Hardman.
19:58 of 1st period - Shot by Andrew Agozzino.
19:58 of 1st period - Shot Misses the Net.
Goals for this period are 2 for Palm Springs Eager vs 2 for Americans.
Shots for this period are 9 for Palm Springs Eager vs 9 for Americans.

2nd period


0:01 of 2nd period - Tanner Fritz wins face-off versus Steven Lorentz in neutral zone.
1:02 of 2nd period - Icing by Ethan Prow.
1:03 of 2nd period - Lias Andersson wins face-off versus Tanner Fritz in Americans zone.
1:37 of 2nd period - Shot by Kyle Okposo.
1:37 of 2nd period - Stopped by Joseph Woll with a rebound.
2:15 of 2nd period - Icing by Scott Reedy.
2:16 of 2nd period - Reid Duke wins face-off versus Lias Andersson in Palm Springs Eager zone.
2:45 of 2nd period - Shot by Saku Maenalanen.
2:45 of 2nd period - Deflect By Nico Sturm.
2:45 of 2nd period - Shot Misses the Net.
3:32 of 2nd period - Gavin Bayreuther is hit by Ethan Prow and loses puck.
3:56 of 2nd period - Shot by Sean Malone.
3:56 of 2nd period - Stopped by Joseph Woll without a rebound.
3:57 of 2nd period - Riley Duran wins face-off versus Tanner Fritz in Palm Springs Eager zone.
4:15 of 2nd period - Ross Johnston is hit by Colin Miller and loses puck.
4:24 of 2nd period - Shot by Ross Johnston.
4:24 of 2nd period - Stopped by Joseph Woll without a rebound.
4:25 of 2nd period - Andrew Agozzino wins face-off versus Mike Hardman in Palm Springs Eager zone.
4:55 of 2nd period - Shot by Mike Hardman.
4:55 of 2nd period - Shot Misses the Net.
6:13 of 2nd period - Shot by Turner Elson.
6:13 of 2nd period - Stopped by Joseph Woll without a rebound.
6:14 of 2nd period - Sean Malone wins face-off versus Nikita Nesterenko in Palm Springs Eager zone.
7:02 of 2nd period - Icing by Colin Miller.
7:03 of 2nd period - Riley Duran wins face-off versus Andrew Agozzino in Palm Springs Eager zone.
8:12 of 2nd period - Shot by Saku Maenalanen.
8:12 of 2nd period - Shot Misses the Net.
8:29 of 2nd period - Icing by Mike Hardman.
8:30 of 2nd period - Reid Duke wins face-off versus Mike Hardman in Palm Springs Eager zone.
8:37 of 2nd period - Shot by Sam Anas.
8:37 of 2nd period - Shot Blocked by Gavin Bayreuther.
8:39 of 2nd period - Shot by Andrew Peeke.
8:39 of 2nd period - Stopped by Joseph Woll without a rebound.
8:40 of 2nd period - Jonathan Toews wins face-off versus Sean Malone in Palm Springs Eager zone.
8:40 of 2nd period - Jonathan Toews is hit by Kyle Rau.
8:55 of 2nd period - Icing by Cole Hults.
8:56 of 2nd period - Sean Malone wins face-off versus Scott Reedy in Americans zone.
9:06 of 2nd period - Icing by Scott Reedy.
9:07 of 2nd period - Lias Andersson wins face-off versus Tanner Fritz in Palm Springs Eager zone.
9:36 of 2nd period - Shot by Lias Andersson.
9:36 of 2nd period - Stopped by Alex Starlock without a rebound.
9:37 of 2nd period - Jonathan Toews wins face-off versus Andrew Agozzino in Americans zone.
9:37 of 2nd period - Jonathan Toews is hit by Robbie Russo.
9:44 of 2nd period - Steven Lorentz is hit by Robbie Russo and loses puck.
9:53 of 2nd period - Jonathan Toews is hit by Kyle Okposo.
10:27 of 2nd period - Minor Penalty to Jonathan Toews for Tripping.
10:28 of 2nd period - Tanner Fritz wins face-off versus Steven Lorentz in Palm Springs Eager zone.
10:51 of 2nd period - Shot by Connor Carrick.
10:51 of 2nd period - Stopped by Joseph Woll without a rebound.
10:52 of 2nd period - Saku Maenalanen wins face-off versus Andrew Agozzino in Palm Springs Eager zone.
10:52 of 2nd period - Saku Maenalanen is hit by Kyle Okposo.
11:12 of 2nd period - Shot by Kyle Okposo.
11:12 of 2nd period - Stopped by Joseph Woll without a rebound.
11:13 of 2nd period - Saku Maenalanen wins face-off versus Tanner Fritz in Palm Springs Eager zone.
11:59 of 2nd period - Icing by Andrew Agozzino.
12:00 of 2nd period - Andrew Agozzino wins face-off versus Saku Maenalanen in Americans zone.
12:57 of 2nd period - Shot by Dmitry Ovchinnikov.
12:57 of 2nd period - Shot Misses the Net.
12:59 of 2nd period - Shot by Scott Reedy.
12:59 of 2nd period - Shot Blocked by Reid Duke.
13:26 of 2nd period - Icing by Ethan Prow.
13:27 of 2nd period - Tanner Fritz wins face-off versus Riley Duran in Americans zone.
14:22 of 2nd period - Steven Lorentz is hit by Connor Carrick and loses puck.
14:31 of 2nd period - Shot by Steven Lorentz.
14:31 of 2nd period - Deflect By Jonathan Toews.
14:31 of 2nd period - Shot Misses the Net.
16:34 of 2nd period - Shot by Turner Elson.
16:34 of 2nd period - Deflect By Sam Anas.
16:34 of 2nd period - Stopped by Joseph Woll without a rebound.
16:35 of 2nd period - Sean Malone wins face-off versus Jonathan Toews in Palm Springs Eager zone.
16:43 of 2nd period - Steven Lorentz is hit by Andrew Peeke and loses puck.
16:49 of 2nd period - Rocco Grimaldi is hit by Andrew Peeke and loses puck.
16:58 of 2nd period - Shot by Steven Lorentz.
16:58 of 2nd period - Shot Misses the Net.
17:00 of 2nd period - Shot by Jonathan Toews.
17:00 of 2nd period - Deflect By Steven Lorentz.
17:00 of 2nd period - Shot Blocked by Andrew Peeke.
17:02 of 2nd period - Shot by Steven Lorentz.
17:02 of 2nd period - Goal by Steven Lorentz - Palm Springs Eager : 3 - Americans : 2.
17:03 of 2nd period - Reid Duke wins face-off versus Lias Andersson in neutral zone.
18:15 of 2nd period - Steven Lorentz is hit by Andrew Peeke and loses puck.
18:23 of 2nd period - Kyle Okposo is hit by Colin Miller and loses puck.
18:25 of 2nd period - Minor Penalty to Andrew Agozzino for Slashing.
18:26 of 2nd period - Rocco Grimaldi wins face-off versus Ross Johnston in Americans zone.
18:27 of 2nd period - Shot by Colin Miller.
18:27 of 2nd period - Stopped by Alex Starlock without a rebound.
18:28 of 2nd period - Ross Johnston wins face-off versus Rocco Grimaldi in Americans zone.
18:37 of 2nd period - Shot by Steven Lorentz.
18:37 of 2nd period - Shot Misses the Net.
18:39 of 2nd period - Shot by Ryan Graves.
18:39 of 2nd period - Shot Blocked by Ross Johnston.
18:41 of 2nd period - Shot by Ryan Graves.
18:41 of 2nd period - Shot Misses the Net.
18:43 of 2nd period - Shot by Ryan Graves.
18:43 of 2nd period - Shot Misses the Net.
18:45 of 2nd period - Shot by Colin Miller.
18:45 of 2nd period - Stopped by Alex Starlock with a rebound.
18:47 of 2nd period - Shot by Rocco Grimaldi.
18:47 of 2nd period - Deflect By Jonathan Toews.
18:47 of 2nd period - Stopped by Alex Starlock with a rebound.
19:27 of 2nd period - Cameron Hughes is hit by Mike Hardman and loses puck.
19:32 of 2nd period - Shot by Gavin Bayreuther.
19:32 of 2nd period - Stopped by Alex Starlock without a rebound.
19:33 of 2nd period - Rocco Grimaldi wins face-off versus Ross Johnston in Americans zone.
19:34 of 2nd period - Shot by Radko Gudas.
19:34 of 2nd period - Stopped by Alex Starlock without a rebound.
19:35 of 2nd period - Rocco Grimaldi wins face-off versus Ross Johnston in Americans zone.
19:38 of 2nd period - Shot by Rocco Grimaldi.
19:38 of 2nd period - Shot Misses the Net.
19:40 of 2nd period - Shot by Radko Gudas.
19:40 of 2nd period - Stopped by Alex Starlock without a rebound.
19:41 of 2nd period - Jonathan Toews wins face-off versus Ross Johnston in Americans zone.
Goals for this period are 1 for Palm Springs Eager vs 0 for Americans.
Shots for this period are 8 for Palm Springs Eager vs 8 for Americans.

3rd period


0:01 of 3rd period - Ross Johnston wins face-off versus Jonathan Toews in neutral zone.
0:18 of 3rd period - Shot by Colin Miller.
0:18 of 3rd period - Stopped by Alex Starlock without a rebound.
0:19 of 3rd period - Tanner Fritz wins face-off versus Nico Sturm in Americans zone.
0:25 of 3rd period - Icing by Rocco Grimaldi.
0:26 of 3rd period - Andrew Agozzino wins face-off versus Lias Andersson in Palm Springs Eager zone.
0:33 of 3rd period - Shot by Cameron Hughes.
0:33 of 3rd period - Shot Misses the Net.
2:14 of 3rd period - Icing by Saku Maenalanen.
2:15 of 3rd period - Tanner Fritz wins face-off versus Mike Hardman in Palm Springs Eager zone.
2:25 of 3rd period - Shot by Saku Maenalanen.
2:25 of 3rd period - Stopped by Alex Starlock without a rebound.
2:26 of 3rd period - Reid Duke wins face-off versus Lias Andersson in Americans zone.
2:59 of 3rd period - Shot by Lias Andersson.
2:59 of 3rd period - Stopped by Alex Starlock with a rebound.
3:02 of 3rd period - Icing by Andrew Peeke.
3:03 of 3rd period - Jonathan Toews wins face-off versus Reid Duke in Americans zone.
3:44 of 3rd period - Shot by Steven Lorentz.
3:44 of 3rd period - Shot Misses the Net.
3:46 of 3rd period - Shot by Ryan Graves.
3:46 of 3rd period - Stopped by Alex Starlock without a rebound.
3:47 of 3rd period - Patrick Brown wins face-off versus Mike Hardman in Americans zone.
3:47 of 3rd period - Patrick Brown is hit by Nico Sturm.
4:45 of 3rd period - Shot by Tanner Fritz .
4:45 of 3rd period - Stopped by Joseph Woll with a rebound.
4:47 of 3rd period - Shot by Tanner Fritz .
4:47 of 3rd period - Stopped by Joseph Woll without a rebound.
4:48 of 3rd period - Jonathan Toews wins face-off versus Andrew Agozzino in Palm Springs Eager zone.
5:11 of 3rd period - Shot by Kyle Okposo.
5:11 of 3rd period - Shot Blocked by Ryan Graves.
5:51 of 3rd period - Shot by Lias Andersson.
5:51 of 3rd period - Stopped by Alex Starlock with a rebound.
5:53 of 3rd period - Shot by Scott Reedy.
5:53 of 3rd period - Stopped by Alex Starlock without a rebound.
5:54 of 3rd period - Tanner Fritz wins face-off versus Riley Duran in Americans zone.
6:05 of 3rd period - Shot by Tanner Fritz .
6:05 of 3rd period - Shot Misses the Net.
6:07 of 3rd period - Shot by Connor Carrick.
6:07 of 3rd period - Shot Misses the Net.
6:09 of 3rd period - Shot by Ethan Prow.
6:09 of 3rd period - Shot Blocked by Vili Saarijarvi.
6:13 of 3rd period - Shot by Connor Carrick.
6:13 of 3rd period - Deflect By Tanner Fritz .
6:13 of 3rd period - Shot Misses the Net.
6:15 of 3rd period - Shot by Tanner Fritz .
6:15 of 3rd period - Stopped by Joseph Woll without a rebound.
6:16 of 3rd period - Lias Andersson wins face-off versus Reid Duke in Palm Springs Eager zone.
6:24 of 3rd period - Icing by Robbie Russo.
6:25 of 3rd period - Reid Duke wins face-off versus Mike Hardman in Americans zone.
7:28 of 3rd period - Shot by Rocco Grimaldi.
7:28 of 3rd period - Shot Misses the Net.
8:24 of 3rd period - Shot by Andrew Agozzino.
8:24 of 3rd period - Shot Blocked by Radko Gudas.
8:40 of 3rd period - Andrew Agozzino is hit by Radko Gudas and loses puck.
8:43 of 3rd period - Shot by Cole Hults.
8:43 of 3rd period - Shot Hit the Post.
8:47 of 3rd period - Shot by Cameron Hughes.
8:47 of 3rd period - Stopped by Joseph Woll without a rebound.
8:48 of 3rd period - Sean Malone wins face-off versus Mike Hardman in Palm Springs Eager zone.
8:49 of 3rd period - Shot by Patrick Brown.
8:49 of 3rd period - Deflect By Kyle Rau.
8:49 of 3rd period - Stopped by Joseph Woll with a rebound.
9:02 of 3rd period - Off-side.
9:03 of 3rd period - Lias Andersson wins face-off versus Reid Duke in neutral zone.
9:20 of 3rd period - Shot by Scott Reedy.
9:20 of 3rd period - Shot Blocked by Reid Duke.
9:22 of 3rd period - Shot by Vili Saarijarvi.
9:22 of 3rd period - Shot Misses the Net.
9:24 of 3rd period - Shot by Lias Andersson.
9:24 of 3rd period - Stopped by Alex Starlock without a rebound.
9:25 of 3rd period - Tanner Fritz wins face-off versus Mike Hardman in Americans zone.
9:25 of 3rd period - Tanner Fritz is hit by Mike Hardman.
9:33 of 3rd period - Shot by Matt Lorito.
9:33 of 3rd period - Stopped by Joseph Woll without a rebound.
9:34 of 3rd period - Mike Hardman wins face-off versus Andrew Agozzino in Palm Springs Eager zone.
9:39 of 3rd period - Robbie Russo is hit by Mike Hardman and loses puck.
9:54 of 3rd period - Shot by Andrew Agozzino.
9:54 of 3rd period - Stopped by Joseph Woll without a rebound.
9:55 of 3rd period - Lias Andersson wins face-off versus Tanner Fritz in Palm Springs Eager zone.
10:14 of 3rd period - Shot by Ross Johnston.
10:14 of 3rd period - Shot Misses the Net.
10:26 of 3rd period - Shot by Connor Carrick.
10:26 of 3rd period - Shot Blocked by Lias Andersson.
10:28 of 3rd period - Shot by Ross Johnston.
10:28 of 3rd period - Stopped by Joseph Woll with a rebound.
10:30 of 3rd period - Shot by Ross Johnston.
10:30 of 3rd period - Shot Misses the Net.
10:32 of 3rd period - Shot by Matt Lorito.
10:32 of 3rd period - Stopped by Joseph Woll without a rebound.
10:33 of 3rd period - Rocco Grimaldi wins face-off versus Andrew Agozzino in Palm Springs Eager zone.
10:52 of 3rd period - Shot by Steven Lorentz.
10:52 of 3rd period - Goal by Steven Lorentz - Palm Springs Eager : 4 - Americans : 2.
10:53 of 3rd period - Mike Hardman wins face-off versus Reid Duke in neutral zone.
11:23 of 3rd period - Cole Hults is hit by Mike Hardman and loses puck.
12:43 of 3rd period - Kyle Okposo is hit by Ryan Graves and loses puck.
12:47 of 3rd period - Cameron Hughes is hit by Colin Miller and loses puck.
13:01 of 3rd period - Cameron Hughes is hit by Colin Miller and loses puck.
13:24 of 3rd period - Kyle Rau is hit by Rocco Grimaldi and loses puck.
14:46 of 3rd period - Shot by Alexander Campbell.
14:46 of 3rd period - Shot Blocked by Andrew Peeke.
14:48 of 3rd period - Shot by Riley Duran.
14:48 of 3rd period - Stopped by Alex Starlock with a rebound.
15:10 of 3rd period - Shot by Scott Reedy.
15:10 of 3rd period - Stopped by Alex Starlock without a rebound.
15:11 of 3rd period - Tanner Fritz wins face-off versus Dmitry Ovchinnikov in Americans zone.
15:16 of 3rd period - Shot by Matt Lorito.
15:16 of 3rd period - Shot Misses the Net.
15:18 of 3rd period - Shot by Connor Carrick.
15:18 of 3rd period - Shot Blocked by Lias Andersson.
15:20 of 3rd period - Shot by Ethan Prow.
15:20 of 3rd period - Stopped by Joseph Woll with a rebound.
15:27 of 3rd period - Icing by Vili Saarijarvi.
15:28 of 3rd period - Andrew Agozzino wins face-off versus Lias Andersson in Palm Springs Eager zone.
15:40 of 3rd period - Off-side.
15:41 of 3rd period - Mike Hardman wins face-off versus Tanner Fritz in neutral zone.
15:52 of 3rd period - Minor Penalty to Radko Gudas for Holding.
15:53 of 3rd period - Andrew Agozzino wins face-off versus Jonathan Toews in Palm Springs Eager zone.
15:54 of 3rd period - Shot by Connor Carrick.
15:54 of 3rd period - Stopped by Joseph Woll without a rebound.
15:55 of 3rd period - Jonathan Toews wins face-off versus Tanner Fritz in Palm Springs Eager zone.
16:04 of 3rd period - Shot by Tanner Fritz .
16:04 of 3rd period - Stopped by Joseph Woll with a rebound.
16:06 of 3rd period - Shot by Connor Carrick.
16:06 of 3rd period - Stopped by Joseph Woll with a rebound.
16:08 of 3rd period - Shot by Connor Carrick.
16:08 of 3rd period - Stopped by Joseph Woll with a rebound.
16:10 of 3rd period - Shot by Joseph Duszak.
16:10 of 3rd period - Shot Misses the Net.
16:12 of 3rd period - Shot by Connor Carrick.
16:12 of 3rd period - Stopped by Joseph Woll without a rebound.
16:13 of 3rd period - Andrew Agozzino wins face-off versus Jonathan Toews in Palm Springs Eager zone.
16:38 of 3rd period - Shot by Ethan Prow.
16:38 of 3rd period - Shot Misses the Net.
16:40 of 3rd period - Shot by Ethan Prow.
16:40 of 3rd period - Shot Misses the Net.
16:54 of 3rd period - Shot by Kyle Okposo.
16:54 of 3rd period - Stopped by Joseph Woll without a rebound.
16:55 of 3rd period - Tanner Fritz wins face-off versus Rocco Grimaldi in Palm Springs Eager zone.
17:04 of 3rd period - Shot by Ross Johnston.
17:04 of 3rd period - Shot Misses the Net.
17:06 of 3rd period - Shot by Matt Lorito.
17:06 of 3rd period - Deflect By Tanner Fritz .
17:06 of 3rd period - Shot Blocked by Nico Sturm.
17:16 of 3rd period - Shot by Ross Johnston.
17:16 of 3rd period - Shot Misses the Net.
17:18 of 3rd period - Shot by Matt Lorito.
17:18 of 3rd period - Shot Blocked by Gavin Bayreuther.
17:20 of 3rd period - Shot by Joseph Duszak.
17:20 of 3rd period - Stopped by Joseph Woll without a rebound.
17:21 of 3rd period - Andrew Agozzino wins face-off versus Jonathan Toews in Palm Springs Eager zone.
17:22 of 3rd period - Shot by Cameron Hughes.
17:22 of 3rd period - Stopped by Joseph Woll with a rebound.
17:24 of 3rd period - Shot by Cameron Hughes.
17:24 of 3rd period - Shot Misses the Net.
17:26 of 3rd period - Shot by Cameron Hughes.
17:26 of 3rd period - Goal by Cameron Hughes - Palm Springs Eager : 4 - Americans : 3.
17:27 of 3rd period - Reid Duke wins face-off versus Lias Andersson in neutral zone.
17:45 of 3rd period - Shot by Turner Elson.
17:45 of 3rd period - Stopped by Joseph Woll with a rebound.
18:21 of 3rd period - Shot by Tanner Fritz .
18:21 of 3rd period - Shot Misses the Net.
18:26 of 3rd period - Off-side.
18:27 of 3rd period - Andrew Agozzino wins face-off versus Jonathan Toews in neutral zone.
18:34 of 3rd period - Americans, Alex Starlock is pulled from the net.
18:34 of 3rd period - Shot by Robbie Russo.
18:34 of 3rd period - Stopped by Joseph Woll without a rebound.
18:35 of 3rd period - Tanner Fritz wins face-off versus Steven Lorentz in Palm Springs Eager zone.
18:35 of 3rd period - Connor Carrick is hit by Colin Miller.
18:46 of 3rd period - Ross Johnston beats up Colin Miller.
18:46 of 3rd period - Penalty to Ross Johnston for Fighting.
18:46 of 3rd period - Penalty to Colin Miller for Fighting.
18:47 of 3rd period - Alex Starlock from Americans was sent back in the game.
18:47 of 3rd period - Mike Hardman wins face-off versus Andrew Agozzino in Americans zone.
19:03 of 3rd period - Americans, Alex Starlock is pulled from the net.
19:21 of 3rd period - Shot by Andrew Agozzino.
19:21 of 3rd period - Shot Misses the Net.
19:23 of 3rd period - Shot by Cameron Hughes.
19:23 of 3rd period - Shot Blocked by Mike Hardman.
19:25 of 3rd period - Shot by Kyle Okposo.
19:25 of 3rd period - Stopped by Joseph Woll without a rebound.
19:26 of 3rd period - Steven Lorentz wins face-off versus Tanner Fritz in Palm Springs Eager zone.
19:26 of 3rd period - Steven Lorentz is hit by Kyle Rau.
19:47 of 3rd period - Shot by Connor Carrick.
19:47 of 3rd period - Stopped by Joseph Woll without a rebound.
19:48 of 3rd period - Matt Lorito wins face-off versus Jonathan Toews in Palm Springs Eager zone.
Goals for this period are 1 for Palm Springs Eager vs 1 for Americans.
Shots for this period are 10 for Palm Springs Eager vs 23 for Americans.